AoeStats
← seanliang22

Oasis

509207096Analyzed
4v4 RM · 8d ago on Sep 25, 2026· 64m 4s· 8 players
Game mode
Random Map
Map size
Large (8 player)
Population
200
Speed
Normal
Resources
Standard
Victory
Conquest
Starting age
Dark Age
Ending age
Imperial Age
RankedLock teamsTeams togetherTeam positionsShared explorationLock speedFull tech treeHidden civsTurbo modeCheats
Victory
Defeat
🇨🇳 Italians · China
831
+16
🇲🇽 Mongols · Mexico
690
+21
🇮🇳 Persians · India
661
+23
🇨🇿 Teutons · Czechia
657
+22
🇧🇪 Sicilians · Belgium
843
-58
🇰🇿 Britons · Kazakhstan
813
-21
🇫🇷 Franks · France
810
-21
🇹🇷 Bulgarians · Türkiye
775
-19
xbarter
0:31 Loom
14:41 Feudal Age
17:44 Double-Bit Axe
19:23 Horse Collar
26:37 Castle Age
24:50 Bloodlines
24:27 Arson
25:01 Forging
24:52 Scale Mail Armor
24:57 Scale Barding Armor
24:44 Fletching
26:57 Town Watch
27:43 Caravan
28:12 Husbandry
28:15 Squires
28:01 Gambesons
27:37 Pikeman
28:41 Chain Barding Armor
29:09 Bow Saw
30:01 Heavy Plow
30:10 Gold Mining
30:17 Stone Mining
34:51 Stirrups
39:04 Imperial Age
37:24 Iron Casting
37:09 Chain Mail Armor
38:45 Stone Shaft Mining
38:45 Gold Shaft Mining
38:10 Bodkin Arrow
38:16 Padded Archer Armor
39:52 Leather Archer Armor
40:47 Crop Rotation
41:23 Blast Furnace
41:26 Conscription
42:10 Wheelbarrow
42:32 Plate Barding Armor
42:29 Plate Mail Armor
44:23 Bagains
44:58 Bracer
45:38 Elite Konnik
47:10 Hand Cart
50:58 Chemistry
50:19 Ballistics
49:55 Murder Holes
56:06 Siege Engineers
56:20 Masonry
57:14 Light Cavalry
57:18 Halberdier
58:04 Heavy Scorpion
azer13
1:15 Loom
12:45 Feudal Age
14:05 Wheelbarrow
13:29 Double-Bit Axe
18:37 Gold Mining
18:38 Stone Mining
22:26 Castle Age
21:39 Horse Collar
23:40 Man-at-Arms
25:58 Hand Cart
25:56 Caravan
26:26 Coinage
26:34 Coinage
30:00 Bow Saw
29:54 Heavy Plow
30:33 Heavy Plow
31:13 Gold Shaft Mining
31:55 Long Swordsman
31:55 Pikeman
32:27 Gambesons
34:51 Stone Shaft Mining
39:11 Squires
39:09 Arson
39:19 Light Cavalry
40:13 Bloodlines
40:05 Husbandry
44:24 Imperial Age
43:56 Forging
43:46 Scale Mail Armor
43:52 Scale Barding Armor
43:37 Fletching
43:48 Padded Archer Armor
44:17 Ballistics
44:13 Masonry
44:16 Murder Holes
47:15 Banking
47:34 Iron Casting
50:00 Elite Serjeant
50:52 Hauberk
51:16 Conscription
51:03 Onager
51:24 Cavalier
51:35 Crossbowman
56:41 Two-Handed Swordsman
ageofscarlet
9:38 Feudal Age
9:14 Loom
10:25 Double-Bit Axe
16:17 Castle Age
15:04 Horse Collar
16:15 Stone Mining
20:01 Wheelbarrow
23:02 Fletching
24:36 Gold Mining
24:49 Heavy Plow
27:06 Ballistics
27:15 Bow Saw
27:09 Padded Archer Armor
28:47 Treadmill Crane
29:15 Bodkin Arrow
30:28 Caravan
35:57 Imperial Age
34:18 Gold Shaft Mining
34:32 Murder Holes
34:59 Hand Cart
34:30 Town Watch
35:05 Leather Archer Armor
36:44 Yeomen
37:45 Two-Man Saw
38:21 Chemistry
37:29 Bracer
38:00 Ring Archer Armor
38:10 Town Patrol
38:53 Conscription
38:29 Elite Longbowman
40:42 Forging
42:47 Siege Engineers
43:36 Warwolf
44:24 Hoardings
44:10 Scale Barding Armor
44:32 Masonry
44:08 Arrowslits
48:54 Architecture
48:36 Fortified Wall
49:06 Iron Casting
48:31 Scale Mail Armor
48:51 Chain Barding Armor
49:56 Guilds
50:18 Coinage
51:00 Blast Furnace
49:25 Pikeman
50:07 Squires
49:54 Arson
58:34 Plate Barding Armor
58:15 Chain Mail Armor
benjiwoo
6:47 Loom
9:42 Feudal Age
10:16 Double-Bit Axe
16:19 Castle Age
15:47 Scale Barding Armor
15:37 Gold Mining
16:48 Forging
17:26 Bow Saw
23:19 Wheelbarrow
23:25 Wheelbarrow
24:44 Town Watch
28:18 Imperial Age
26:51 Chain Barding Armor
27:34 Hand Cart
28:41 Iron Casting
28:10 Husbandry
28:12 Scale Mail Armor
28:14 Squires
27:38 Pikeman
29:36 Gold Shaft Mining
29:03 Squires
30:30 Blast Furnace
30:13 Stone Mining
30:05 Cavalier
31:17 Treadmill Crane
31:46 Town Patrol
33:15 Paladin
35:42 Caravan
37:14 Conscription
37:39 Plate Barding Armor
37:20 Chain Mail Armor
37:07 Capped Ram
38:05 Halberdier
40:02 Plate Mail Armor
41:41 Onager
43:57 Chemistry
43:17 Ballistics
44:10 Fervor
44:33 Chivalry
45:13 Hoardings
47:24 Masonry
47:19 Siege Engineers
61:57 Light Cavalry
Golden Boy
9:54 Feudal Age
10:39 Double-Bit Axe
17:24 Castle Age
17:21 Gold Mining
19:04 Husbandry
19:14 Bloodlines
20:35 Horse Collar
24:25 Heavy Plow
25:56 Town Watch
28:44 Forging
28:35 Scale Mail Armor
30:15 Iron Casting
30:54 Scale Mail Armor
31:01 Scale Barding Armor
33:20 Chain Mail Armor
36:32 Imperial Age
34:25 Chain Barding Armor
35:26 Wheelbarrow
35:09 Bow Saw
35:28 Fortified Wall
36:32 Elite Steppe Lancer
38:16 Blast Furnace
37:47 Plate Mail Armor
37:57 Plate Mail Armor
37:59 Fervor
40:14 Loom
40:49 Hand Cart
40:35 Town Patrol
42:02 Onager
43:09 Caravan
62:30 Heavy Scorpion
Ajghoimer
0:45 Loom
18:45 Feudal Age
19:53 Double-Bit Axe
22:06 Wheelbarrow
29:11 Castle Age
26:59 Horse Collar
28:05 Gold Mining
29:40 Heavy Plow
29:54 Bow Saw
30:36 Arson
31:00 Caravan
31:43 Hand Cart
37:23 Heated Shot
37:53 Ballistics
40:34 Imperial Age
41:39 Crop Rotation
42:12 Citadels
41:23 Elite War Elephant
41:28 Cavalier
42:09 Husbandry
42:19 Bloodlines
42:46 Forging
42:42 Scale Barding Armor
42:37 Scale Mail Armor
44:29 Two-Man Saw
43:49 Savar
44:33 Pikeman
45:22 Squires
45:07 Gambesons
46:11 Iron Casting
45:57 Chain Barding Armor
45:52 Chain Mail Armor
48:27 Chemistry
47:42 Masonry
49:41 Halberdier
51:20 Plate Barding Armor
51:47 Blast Furnace
51:18 Plate Mail Armor
seanliang22
3:03 Loom
11:02 Feudal Age
12:35 Double-Bit Axe
14:14 Wheelbarrow
15:43 Gold Mining
19:05 Horse Collar
23:10 Castle Age
21:26 Stone Mining
22:01 Forging
21:52 Scale Mail Armor
21:57 Arson
24:14 Squires
23:35 Pikeman
24:35 Hand Cart
26:04 Bow Saw
28:23 Stone Shaft Mining
29:59 Heavy Plow
35:29 Imperial Age
33:16 Padded Archer Armor
33:07 Fletching
36:17 Iron Casting
35:58 Chain Mail Armor
35:39 Bodkin Arrow
36:00 Leather Archer Armor
35:10 Man-at-Arms
36:55 Conscription
36:33 Treadmill Crane
37:16 Ballistics
37:11 Fortified Wall
37:25 Ballistics
38:13 Chemistry
37:09 Murder Holes
37:29 Fortified Wall
37:41 Ballistics
38:20 Elite Genoese Crossbowman
41:34 Blast Furnace
40:35 Bracer
41:05 Ring Archer Armor
40:31 Arrowslits
43:44 Pirotechnia
45:41 Crop Rotation
46:20 Two-Man Saw
47:41 Plate Mail Armor
47:14 Long Swordsman
50:31 Two-Handed Swordsman
52:44 Masonry
52:59 Champion
sandeepkumarsdsl
14:14 Feudal Age
18:17 Double-Bit Axe
19:39 Wheelbarrow
20:09 Wheelbarrow
19:21 Town Watch
21:12 Stone Mining
21:15 Gold Mining
23:52 Castle Age
22:46 Horse Collar
25:48 Castle Age
25:26 Forging
25:16 Scale Mail Armor
27:56 Caravan
32:04 Pikeman
32:46 Squires
32:31 Gambesons
33:33 Iron Casting
33:13 Chain Mail Armor
33:47 Stone Shaft Mining
33:16 Heavy Plow
36:03 Imperial Age
35:23 Fortified Wall
35:24 Masonry
37:52 Ballistics
37:23 Heated Shot
39:27 Plate Mail Armor
39:57 Blast Furnace
39:21 Onager
40:49 Bow Saw
41:13 Crop Rotation
41:48 Chemistry
42:30 Elite Teutonic Knight
44:24 Scale Barding Armor
45:26 Two-Man Saw
44:08 Siege Onager
48:00 Capped Ram
49:17 Chain Barding Armor
50:02 Cavalier
50:59 Bloodlines
53:16 Paladin
58:55 Plate Barding Armor
60:51 Ironclad
60:02 Sappers
Connection lost

Rejoining the realm…

Still unreachable

The connection could not be restored.

Session expired

The server has moved on; the page needs a fresh start.